AoeStats
← Iguano Pop

Migration

507006872Analyzed
1v1 RM · 17d ago on Sep 16, 2026· 118m 49s· 2 players
Game mode
Random Map
Map size
132×132
Population
200
Speed
Normal
Resources
Standard
Victory
Conquest
Starting age
Dark Age
Ending age
Imperial Age
RankedLock teamsTeams togetherTeam positionsShared explorationLock speedFull tech treeHidden civsTurbo modeCheats
Victory
Defeat
🇦🇺 Portuguese · Australia
1296
+16
🇲🇽 Burmese · Mexico
1289
-16
Iguano Pop
10:11 Loom
12:18 Feudal Age
16:17 Castle Age
15:45 Fletching
17:13 Medium Warships
16:59 Bodkin Arrow
18:41 Town Watch
19:39 Gold Mining
24:19 Ballistics
35:40 Imperial Age
33:48 Wheelbarrow
36:09 Forging
41:23 Heavy Warships
42:03 Chemistry
44:47 Masonry
47:12 Hand Cart
49:08 Bracer
50:07 Sanctity
50:26 Elite Arambai
51:31 Conscription
52:01 Padded Archer Armor
57:11 Scale Barding Armor
57:08 Man-at-Arms
58:03 Cavalier
59:05 Husbandry
59:16 Bloodlines
70:40 Elite Skirmisher
71:46 Light Cavalry
74:20 Demolition Ship
79:20 Iron Casting
78:59 Horse Collar
87:03 Heavy Plow
87:07 Devotion
101:10 Long Swordsman
101:34 Crossbowman
107:27 Squires
107:32 Scale Mail Armor
107:02 Two-Handed Swordsman
107:29 Gambesons
108:21 Champion
111:19 Chain Mail Armor
116:14 Plate Mail Armor
Lukeymanb
9:36 Loom
11:48 Feudal Age
12:23 Double-Bit Axe
12:20 Horse Collar
14:53 Fletching
15:41 Town Watch
21:16 Castle Age
19:41 Gold Mining
19:44 Stone Mining
21:54 Bodkin Arrow
22:13 Medium Warships
24:50 Ballistics
25:24 Forging
25:15 Scale Mail Armor
25:42 Pikeman
35:04 Imperial Age
33:46 Bloodlines
37:29 Chemistry
44:32 Iron Casting
45:13 Cavalier
49:40 Light Cavalry
50:21 Husbandry
55:15 Blast Furnace
54:30 Chain Mail Armor
54:21 Scale Barding Armor
55:08 Circumnavigation
54:51 Elite Skirmisher
56:25 Bracer
56:26 Padded Archer Armor
56:57 Plate Mail Armor
57:55 Elite Caravel
65:39 Halberdier
76:25 Chain Barding Armor
79:42 Bombard Tower
91:00 Man-at-Arms
91:26 Gambesons
91:45 Long Swordsman
92:20 Two-Handed Swordsman
95:38 Champion
107:31 Elite Cannon Galleon
108:46 Arquebus
Connection lost

Rejoining the realm…

Still unreachable

The connection could not be restored.

Session expired

The server has moved on; the page needs a fresh start.